 Dungeon Crawl Stone Soup version 0.23.2-33-g5129a83184 (webtiles) character file.

Game seed: 16445917937515238544

167 Derp the Shield-Bearer (level 5, -9/47 HPs)
             Began as a Hill Orc Fighter on July 12, 2019.
             Killed by divine providence
             ... invoked by an orc priest
              (13 damage)
             ... on level 3 of the Dungeon.
             The game lasted 00:06:16 (1982 turns).

Derp the Shield-Bearer (Hill Orc Fighter)           Turns: 1982, Time: 00:06:17

Health: -9/47      AC:  7    Str: 19    XL:     5   Next: 48%
Magic:  5/5        EV:  7    Int:  8    God:
Gold:   128        SH:  9    Dex: 11    Spells: 4/4 levels left

rFire    . . .     SeeInvis .   a - +0 long sword
rCold    . . .     Gourm    .   c - +0 shield
rNeg     . . .     Faith    .   b - +0 scale mail
rPois    .         Spirit   .   (no helmet)
rElec    .         Reflect  .   (no cloak)
rCorr    .         Harm     .   (no gloves)
MR       .....                  (no boots)
Stlth    ..........             (no amulet)
HPRegen  0.15/turn              (no ring)
MPRegen  0.09/turn              (no ring)

@: no status effects
A: no striking features
a: Convert to Beogh


You were on level 3 of the Dungeon.
You were full.

You visited 1 branch of the dungeon, and saw 3 of its levels.

You collected 128 gold pieces.

Inventory:

Hand Weapons
 a - a +0 long sword (weapon)
Armour
 b - a +0 scale mail (worn)
 c - a +0 shield (worn)
Jewellery
 r - an uncursed ring of wizardry
Wands
 m - a wand of paralysis (11)
Scrolls
 e - 2 scrolls of identify
 j - a scroll of enchant weapon {unknown}
 k - a scroll of fear {unknown}
 l - a scroll of random uselessness {unknown}
 n - 2 scrolls of remove curse {unknown}
 o - 2 scrolls of enchant armour
 p - a scroll of noise {unknown}
Potions
 h - a potion of ambrosia
 q - a potion of mutation {unknown}
Comestibles
 f - 6 rations


   Skills:
 + Level 4.4 Fighting
 + Level 4.1 Long Blades
 + Level 3.7 Armour
 + Level 0.3 Dodging
 + Level 4.5 Shields


You had 4 spell levels left.
You didn't know any spells.
Your spell library was empty.

Dungeon Overview and Level Annotations

Branches:
Dungeon (3/15)

Altars:
Gozag
Yredelemnul


Message History

You hit the orc.
You kill the orc!
Your life force feels restored.
You slash the orc priest!
The orc priest is severely wounded.
The orc priest hits you with a +0 club.
* * * LOW HITPOINT WARNING * * *
The orc priest hits you but does no damage.
Your scale mail prevents you from hitting the orc priest.
The orc priest is severely wounded.
The orc priest hits you but does no damage.
You closely miss the orc priest.
The orc priest is severely wounded.
The orc priest shouts, "Beogh is our master!
Accept the truth or die!"
You block the orc priest's attack.
You hit the orc priest.
The orc priest is almost dead.
The orc priest calls down the wrath of Beogh upon you.
Beogh smites you!
You die...

#########
#.o@(.(.#
#!#####.#
....o...#
#.#
.....####
#.# ....
#.# ...
#.#####
#.
#.....# #
#####.#
#.#


You could see an orc priest.

Vanquished Creatures
  Terence (D:3)
  2 orc wizards (D:3)
  2 adders
  4 dart slugs
  A leopard gecko (D:1)
  6 orcs (D:3)
  12 bats
  7 goblins
  6 hobgoblins
  2 jackals (D:1)
  3 kobolds
  2 ball pythons (D:3)
  3 frilled lizards (D:1)
  6 rats
57 creatures vanquished.

Notes
Turn   | Place    | Note
-------+----------+-------------------------------------------
     0 | D:1      | Derp the Hill Orc Fighter began the quest for the Orb.
     0 | D:1      | Reached XP level 1. HP: 19/19 MP: 1/1
    62 | D:1      | Reached XP level 2. HP: 21/27 MP: 2/2
   299 | D:1      | Reached XP level 3. HP: 25/33 MP: 3/3
  1380 | D:2      | Found a basalt altar of Yredelemnul.
  1625 | D:3      | Noticed Terence
  1634 | D:3      | Killed Terence
  1634 | D:3      | Reached XP level 4. HP: 30/40 MP: 4/4
  1676 | D:3      | Reached XP level 5. HP: 13/47 MP: 5/5
  1724 | D:3      | Found an opulent altar of Gozag.
  1962 | D:3      | HP: 1/47 [orc wizard/magic dart (2)]
  1982 | D:3      | Killed from afar by an orc priest

Skill      XL: |  1  2  3  4  5 |
---------------+----------------+-----
Fighting       | 4 |  4.4
Long Blades    | 3 4 |  4.1
Shields        | 4 |  4.5
Armour         | |  3.7
Dodging        | |  0.3

Action                   |  1- 3 |  4- 6 || total
-------------------------+-------+-------++-------
Melee: Long sword        |   119 |    92 ||   211
  Use: Scroll            |     2 |       ||     2
       Potion            |       |     5 ||     5
  Eat: Chunk             |     2 |       ||     2
       Ration            |       |     2 ||     2
Armor: Scale mail        |    89 |    63 ||   152
Dodge: Dodged            |    54 |    36 ||    90
Block: Shield            |   102 |    65 ||   167
       Rpst.: Long sword |    20 |     9 ||    29
